 Dungeon Crawl Stone Soup version 0.27.1-33-g824d729ab1 (webtiles) character file.

Game seed: 1928421403243519184

3 pkoi the Charlatan (level 1, -1/16 HPs)
             Began as a Draconian Artificer on Dec 23, 2021.
             Succumbed to a kobold's poison
             ... on level 1 of the Dungeon.
             The game lasted 00:00:45 (171 turns).

pkoi the Charlatan (Draconian Artificer)             Turns: 171, Time: 00:00:46

Health: -1/16      AC:  4    Str: 14    XL:     1   Next: 41%
Magic:  10/10      EV: 12    Int: 11    God:
Gold:   9          SH:  0    Dex: 11    Spells: 0/0 levels left

rFire    . . .     SeeInvis .   a - +0 club
rCold    . . .     Faith    .   (no shield)
rNeg     . . .     Spirit   .   (armour unavailable)
rPois    .         Reflect  .   (helmet restricted)
rElec    .         Harm     .   (no cloak)
rCorr    .         Rampage  .   (no gloves)
Will     .....                  (no boots)
Stlth    +.........             (no amulet)
HPRegen  0.05/turn              g - ring of magical power
MPRegen  0.12/turn              (no ring)

@: lethally poisoned (-1 -> -14)
A: AC +4, unfitting armour, cold-blooded
a: no special abilities


You were on level 1 of the Dungeon.
You visited 1 branch of the dungeon, and saw 1 of its levels.

You collected 9 gold pieces.

Inventory:

Hand Weapons
 a - a +0 club (weapon)
Jewellery
 g - a ring of magical power (left hand)
Wands
 b - a wand of flame (15) (quivered)
 c - a wand of charming (15)
Scrolls
 e - a scroll of noise {unknown}
 f - a scroll of identify {unknown}
Miscellaneous
 d - a piece from Xom's chessboard (15/15)


   Skills:
 - Level 1.1 Fighting
 - Level 2.1 Dodging
 - Level 0.8 Stealth
 * Level 0.6 Unarmed Combat
 + Level 3.0 Evocations


You couldn't memorise any spells.
You didn't know any spells.
Your spell library was empty.

Dungeon Overview and Level Annotations

Branches:
Dungeon (1/15)

Altars:


Innate Abilities, Weirdness & Mutations

Your plain brown scales are hard. (AC +4)
You cannot fit into any form of body armour.
You are cold-blooded and may be slowed by cold attacks.


Message History

Moving in this stuff is going to be slow.
Found 13 gold pieces.
The kobold hits you with a +0 club.
You hit the kobold. You tail-slap the kobold.
You kill the kobold!
Things that are here:
a +0 club; a kobold corpse You enter the shallow water.
Moving in this stuff is going to be slow.
A kobold comes into view. It is wielding a +4 dagger of venom.
The kobold shouts!
A kobold is nearby!
A kobold is nearby!
A kobold is nearby!
Found 11 gold pieces.
The kobold barely misses you.
You barely miss the kobold.
The kobold hits you with a +4 dagger of venom.
You are lethally poisoned!
You are too injured to fight recklessly!
You are too injured to fight recklessly!
You are too injured to fight recklessly!
You are too injured to fight recklessly!
You are too injured to fight recklessly!
You are too injured to fight recklessly!
You are too injured to fight recklessly!
You are too injured to fight recklessly!
You are too injured to fight recklessly!
You are too injured to fight recklessly!
You are too injured to fight recklessly!
You hit the kobold but do no damage.
* * * LOW HITPOINT WARNING * * *
You feel very sick. The kobold hits you but does no damage.
You are more poisoned.
The kobold barely misses you.
You hit the kobold.
You kill the kobold!
* * * LOW HITPOINT WARNING * * *
You feel very sick.
You die...

## ###### ##≈#### ..
......#######≈≈≈ ..# ##......
...........#≈≈###..#
....................#≈≈#....#
..................$..≈≈.....#
........# #....@...≈≈≈.....#
......... #.......≈.≈≈.....#
......... #.........≈≈.....#
........ .$..........≈...)..#
....### ............≈≈...###
....+.##.............≈≈≈..#
....#.##............≈≈≈≈.≈#
......#..............≈≈≈≈.#
.≈≈≈≈.#..............≈≈...#


There were no monsters in sight!

Vanquished Creatures
  A ball python (D:1)
  A frilled lizard (D:1)
  2 kobolds (D:1)
4 creatures vanquished.

Notes
Turn   | Place    | Note
-------+----------+-------------------------------------------
     0 | D:1      | pkoi the Draconian Artificer began the quest for the Orb.
     0 | D:1      | Reached XP level 1. HP: 16/16 MP: 1/1
   171 | D:1      | Succumbed to a kobold's poison

Illustrated notes

Levels and vault maps discovered:
D:1:      minmay_arrival_hallway, layout_basic, serial_rivers,
          chequers_serial_rivers_small_3, chequers_serial_rivers_micro_a,
          chequers_serial_rivers_small_3, chequers_serial_rivers_micro_b,
          chequers_serial_rivers_micro_d, chequers_serial_rivers_small_b

Action                   || total
-------------------------++-------
Melee: Club              ||     9
       Tailslap          ||     1
Armor: Skin              ||     4
Dodge: Dodged            ||     5
